 Dungeon Crawl Stone Soup version 0.31-a0-879-g1609e0ac53 (webtiles) character file.

Game seed: 14362696619251817225

2436 mortress the Magician (level 9, -5/55 (66) HPs)
             Began as a Demonspawn Hedge Wizard on Oct 14, 2023.
             Was an Initiate of Ashenzari.
             Killed by divine providence
             ... invoked by Jeremiah
              (13 damage)
             ... on level 6 of the Dungeon.
             The game lasted 00:43:24 (7312 turns).

mortress the Magician (Demonspawn Hedge Wizard)     Turns: 7312, Time: 00:43:24

HP:   -5/55 (66)    AC:  9    Str: 11    XL:     9   Next: 25%
MP:   16/16         EV: 13    Int: 19    God:    Ashenzari [......]
Gold: 374           SH:  0    Dex: 13    Spells: 11/18 levels left

rFire   + . .        B - +2 halberd (venom)
rCold   + . .        (shield currently unavailable)
rNeg    . . .        s - +2 robe {rC+ rF+}
rPois   .            c - +1 hat
rElec   .            z - +0 cloak {Will+}
rCorr   .            b - +0 pair of gloves
SInv    .            (no boots)
Will    +....        (no amulet)
Stlth   +++          (no ring)
HPRegen 0.29/turn    (no ring)
MPRegen 0.15/turn

%: no passive effects
@: heavily drained
A: thin metallic scales 1, demonic guardian 1, demonic magic 1, demonic touch 1
a: Renounce Religion


You were on level 6 of the Dungeon.
You worshipped Ashenzari.
Ashenzari was noncommittal.
You visited 2 branches of the dungeon, and saw 7 of its levels.
You also visited: Sewer.

You collected 374 gold pieces.

Inventory:

Hand Weapons
 A - the +5 spear "Cimpuyff" {spect, rF+ rN+ Will+ Int-3}
   (You found it on level 6 of the Dungeon)

   Int-3:     It affects your intelligence (-3).
   rF+:       It protects you from fire.
   rN+:       It protects you from negative energy.
   Will+:     It increases your willpower.
 B - a +2 halberd of venom (weapon)
Missiles
 j - 9 boomerangs (quivered)
 x - 6 poisoned darts
Armour
 b - a +0 pair of gloves (worn)
 c - a +1 hat (worn)
 s - a +2 robe of resistance (worn)
 z - a +0 cloak of willpower (worn)
Magical Staves
 u - a staff of fire
Talismans
 f - a beast talisman
Wands
 l - a wand of polymorph (19)
 q - a wand of digging (5)
 w - a wand of flame (38)
Scrolls
 e - 5 scrolls of teleportation {unknown}
 h - a scroll of amnesia {unknown}
 i - 2 scrolls of fear {unknown}
 m - 2 scrolls of enchant armour
 n - 4 scrolls of identify {unknown}
 o - a scroll of poison {unknown}
 p - 2 scrolls of immolation
 r - a scroll of fog {unknown}
 y - a scroll of enchant weapon {unknown}
Potions
 a - a potion of mutation {unknown}
 d - a potion of magic
 g - 4 potions of curing {unknown}
 k - a potion of degeneration {unknown}
 v - 2 potions of invisibility {unknown}
 C - a potion of haste {unknown}


   Skills:
 + Level 4.3 Fighting
 + Level 2.7 Polearms
 + Level 4.5 Dodging
 + Level 4.6 Stealth
 + Level 5.0 Spellcasting
 + Level 4.3 Conjurations
 + Level 4.3 Summonings
 - Level 4.0 Translocations
 + Level 1.8 Transmutations


You had 11 spell levels left.
You knew the following spells:

 Your Spells              Type           Power      Damage    Failure   Level
a - Magic Dart            Conj           84%        1d7       1%          1
b - Blink                 Tloc           38%        N/A       3%          2
c - Call Imp              Summ           42%        N/A       3%          2
d - Wereblood             Tmut           11%        N/A       9%          2

Your spell library contained the following spells:

 Spells                   Type           Power      Damage    Failure   Level
 Apportation              Tloc           38%        N/A       2%          1
 Slow                     Hex            16%        N/A       12%         1
 Cigotuvi's Dreadful Rot  Necr/Pois/Air  8%         N/A       19%         2
 Jinxbite                 Hex            8%         N/A       19%         2
 Mephitic Cloud           Conj/Pois/Air  10%        N/A       21%         3
 Irradiate                Conj/Tmut      8%         3d14      67%         5
 Alistair's Intoxication  Tmut/Pois      5%         N/A       93%         5


Dungeon Overview and Level Annotations

Branches:
Dungeon (6/15)             Temple (1/1) D:6           Sewer (visited)

Altars:
Ashenzari
Cheibriados
Dithmenos
Fedhas
Gozag
Kikubaaqudgha
Makhleb
Nemelex Xobeh
Okawaru
Qazlal
Ru
Sif Muna
Uskayaw
Vehumet
Wu Jian
Xom

Annotations:
D:6 Jeremiah


Innate Abilities, Weirdness & Mutations

You are partially covered in thin metallic scales. (AC +2)
A weak demonic guardian rushes to your aid.
Spells you cast may paralyse adjacent enemies.
Your touch may inflict minor irresistible damage on your foes.


Message History

Reach: B) +2 halberd (venom)
Press: ? - help, Dir - move target, f/p - Jeremiah
Aim: Jeremiah, wielding a +2 trident of draining, wearing a +0 robe and wearing an orb of energy (heavily wounded, very poisoned, about 53% to evade your +2 halberd of venom)
You reach to attack!
You barely miss Jeremiah.
Jeremiah is heavily wounded.
The butterfly disappears in a burst of colours!
Jeremiah hits you from afar with a +2 trident of draining.
You feel drained. Jeremiah closely misses you.
Reach: B) +2 halberd (venom)
Press: ? - help, Dir - move target, f/p - Jeremiah
Aim: Jeremiah, wielding a +2 trident of draining, wearing a +0 robe and wearing an orb of energy (heavily wounded, poisoned, ally target, about 53% to evade your +2 halberd of venom)
The butterfly is in the way.
You closely miss the butterfly.
Jeremiah lets out a twisted cry.
Something smites you!
Reach: B) +2 halberd (venom)
Press: ? - help, Dir - move target, f/p - Jeremiah
Aim: Jeremiah, wielding a +2 trident of draining, wearing a +0 robe and wearing an orb of energy (severely wounded, poisoned, ally target, about 53% to evade your +2 halberd of venom)
You reach to attack!
You hit Jeremiah but do no damage.
Jeremiah looks even sicker.
Jeremiah is severely wounded.
Jeremiah lets out a twisted cry.
Something smites you!
Reach: B) +2 halberd (venom)
Press: ? - help, Dir - move target, f/p - Jeremiah
Aim: Jeremiah, wielding a +2 trident of draining, wearing a +0 robe and wearing an orb of energy (severely wounded, very poisoned, ally target, about 53% to evade your +2 halberd of venom)
You reach to attack!
You hit Jeremiah.
Jeremiah looks as sick as possible!
Jeremiah is severely wounded.
The butterfly disappears in a burst of colours!
Jeremiah hits you from afar with a +2 trident of draining!
* * * LOW HITPOINT WARNING * * *
You feel drained.
* * * LOW HITPOINT WARNING * * *
Jeremiah shouts, "O dreadful one, destroy my foe!"
Something smites you!
* * * LOW HITPOINT WARNING * * *
You swap places.
Your white imp misses the butterfly.
Jeremiah lets out a twisted cry.
Something smites you!
You die...
Jeremiah wails, "I didn't mean to kill anyone!
I'm not a murderer!"

......#.## #.# #####....# #.# #
#.#..# #####.# # #....# #.....# #
#.#..######### #.#####
#####.#).........# #.####
......#...######.# #....#
....[)....# #.# #.##.#
########.## #@# ####'### # ##.##
#5# #.....). #######...###
#b#######F#.≈...§. ............#
#bF...?bbb#....... #######...#.#
#########b+...>...
.........##.############.#.......
###########..............#.≈...≈.
#############..#......§
#.####'###


You could see Jeremiah (extremely poisoned, ally target) and a friendly white
imp (summoned).

Vanquished Creatures
  Grinder (D:3)
  Edmund (D:6)
  Menkaure (D:6)
  A water moccasin (Sewer)
  A sky beast (D:6)
  An ice beast (D:6)
  A black bear (D:5)
  An orc warrior (D:6)
  A phantom (D:5)
  A bullfrog (D:6)
  Blork the orc (D:5)
  6 scorpions
  4 hounds
  An orc priest (D:6)
  A gnoll bouda (D:6)
  3 sleepcaps
  3 iguanas
  4 orc wizards
  9 gnolls
  6 adders
  4 ufetubi
  5 worms
  2 dart slugs
  14 orcs
  4 endoplasms
  9 giant cockroaches
  4 goblins
  5 hobgoblins
  2 quokkas (D:4)
  4 ball pythons
  17 bats
  6 rats
124 creatures vanquished.

Vanquished Creatures (collateral kills)
  Prince Ribbit (D:5)
  A jelly (D:5)
  Crazy Yiuf (D:6)
  An orc priest (D:6)
  3 gnolls
  A dart slug (D:5)
  2 orcs
10 creatures vanquished.

Grand Total: 134 creatures vanquished

Notes
Turn   | Place    | Note
-------+----------+-------------------------------------------
     0 | D:1      | mortress the Demonspawn Hedge Wizard began the quest for
                  | the Orb.
     0 | D:1      | Reached XP level 1. HP: 13/13 MP: 4/4
   315 | D:1      | You fall into a shaft and drop 1 floor!
   485 | D:1      | Reached skill level 1 in Translocations
   581 | D:1      | Gained mutation: A weak demonic guardian rushes to your
                  | aid. [demonic ancestry]
   581 | D:1      | Reached XP level 2. HP: 20/20 MP: 0/6
   784 | D:1      | Learned a level 2 spell: Blink
   787 | D:1      | Learned a level 2 spell: Call Imp
  1265 | D:2      | Reached skill level 1 in Fighting
  1265 | D:2      | Reached XP level 3. HP: 26/26 MP: 5/7
  1491 | D:2      | Found a faded altar of an unknown god.
  1854 | D:3      | Noticed Grinder
  1981 | D:3      | Reached XP level 4. HP: 14/32 MP: 0/8
  2924 | D:3      | Gained mutation: Spells you cast may paralyse adjacent
                  | enemies. [demonic ancestry]
  2924 | D:3      | Reached XP level 5. HP: 37/37 MP: 5/10
  3099 | D:3      | Killed Grinder
  3100 | D:3      | Gained mutation: You are partially covered in thin metallic
                  | scales. (AC +2) [demonic ancestry]
  3100 | D:3      | Reached XP level 6. HP: 44/44 MP: 3/11
  3330 | D:4      | Found a sacrificial altar of Ru.
  3331 | D:4      | Found a hide-covered altar of Uskayaw.
  3552 | D:4      | Found a glowing drain.
  3561 | Sewer    | Entered a sewer
  3662 | Sewer    | Noticed a water moccasin
  3677 | Sewer    | Killed a water moccasin
  3984 | D:4      | Gained mutation: Your touch may inflict minor irresistible
                  | damage on your foes. [demonic ancestry]
  3984 | D:4      | Reached XP level 7. HP: 13/51 MP: 1/12
  4498 | D:5      | Entered Level 5 of the Dungeon
  4672 | D:5      | Noticed Prince Ribbit
  4683 | D:5      | Killed Prince Ribbit
  4684 | D:5      | Reached skill level 4 in Spellcasting
  4920 | D:5      | Noticed Blork the orc
  4927 | D:5      | Reached skill level 1 in Polearms
  4937 | D:5      | Killed Blork the orc
  4938 | D:5      | Reached XP level 8. HP: 46/58 MP: 8/14
  5641 | D:5      | Learned a level 2 spell: Wereblood
  6120 | D:6      | Reached skill level 1 in Transmutations
  6262 | D:6      | Found a runed translucent door.
  6263 | D:6      | Noticed Crazy Yiuf
  6277 | D:6      | Killed Crazy Yiuf
  6414 | D:6      | Noticed Jeremiah
  6514 | D:6      | Identified the +5 spear "Cimpuyff" {spect, rF+ rN+ Will+
                  | Int-3}
  6516 | D:6      | Noticed Edmund
  6530 | D:6      | Killed Edmund
  6531 | D:6      | Reached XP level 9. HP: 58/65 MP: 16/16
  6727 | D:6      | Found a staircase to the Ecumenical Temple.
  6737 | Temple   | Entered the Ecumenical Temple
  6762 | Temple   | Became a worshipper of Ashenzari the Shackled
  7011 | D:6      | Noticed Menkaure
  7018 | D:6      | Killed Menkaure
  7163 | D:6      | Reached skill level 5 in Spellcasting
  7312 | D:6      | Killed from afar by Jeremiah

Illustrated notes

Levels and vault maps discovered:
D:1:      onia_arrival_mini_maze_b, layout_rooms
D:2:      layout_basic, dreamdust_ecumenical_altar_angels_and_demons
D:3:      layout_rooms, uniq_grinder
D:4:      layout_loops_ring, mainiacjoe_overflow_divided_tiny,
          gup_sewer_entry_bubbles, minmay_crystal_room
D:5:      layout_cave_pods, uniq_prince_ribbit1, uniq_blork_the_orc
D:6:      layout_loops_ring, temple_green, kennysheep_small_square,
          uniq_menkaure, uniq_crazy_yiuf_cottage, uniq_edmund, uniq_jeremiah
Temple:   minmay_crystal_spiral_temple

Skill      XL: |  1  2  3  4  5  6  7  8  9 |
---------------+----------------------------+-----
Translocations | 1 2 3 4 |  4.0
Dodging        | 2 3 4 |  4.5
Stealth        | 2 3 4 |  4.6
Fighting       | 1 2 3 4 |  4.3
Conjurations   | 2 3 4 |  4.3
Summonings     | 2 3 4 |  4.3
Spellcasting   | 4 5 |  5.0
Polearms       | 1 2 |  2.7
Transmutations | 1 |  1.8

Action                     |  1- 3 |  4- 6 |  7- 9 || total
---------------------------+-------+-------+-------++-------
  Melee: Dagger            |    85 |    21 |       ||   106
         Spear             |       |    63 |   169 ||   232
         Touch             |       |       |    31 ||    31
         Punch             |       |       |     4 ||     4
         Halberd           |       |       |    52 ||    52
  Throw: Boomerang         |       |    13 |    12 ||    25
   Cast: Magic Dart        |    70 |    75 |    74 ||   219
         Call Imp          |     1 |    10 |    18 ||    29
         Blink             |       |     1 |     1 ||     2
  Evoke: Wand              |       |       |     5 ||     5
    Use: Scroll            |       |       |     2 ||     2
         Potion            |       |       |     1 ||     1
   Stab: Distracted        |     1 |       |     3 ||     4
         Paralysed         |       |    18 |    11 ||    29
         Sleeping          |       |     1 |     6 ||     7
 Armour: Robe              |    37 |    49 |   145 ||   231
  Dodge: Dodged            |    68 |    61 |   147 ||   276
         Form:             |     1 |       |       ||     1
         Beast             |     1 |       |       ||     1

Table legend: (Time is in decaauts)
 A = Elapsed time spent in this place.
 B = Non-inter-level travel time spent in this place.
 C = Inter-level travel time spent in this place.
 D = Time resting spent in this place.
 E = Time spent auto-exploring this place.
 F = Levels seen in this place.
 G = Mean time per level.
                   A        B        C        D        E       F      G
               +--------+--------+--------+--------+--------+-----+--------+
         Total |   7372 |   7022 |    350 |    817 |   4552 |   8 |  921.5 |
       Dungeon |   7114 |   6788 |    326 |    714 |   4525 |   6 | 1185.7 |
        Temple |     50 |     26 |     24 |      0 |      0 |   1 |   50.0 |
         Sewer |    207 |    207 |      0 |    103 |     27 |   1 |  207.0 |
               +--------+--------+--------+--------+--------+-----+--------+

Top non-repeatable levels by time:
     D:6: 1516 daAuts
     D:2: 1267 daAuts
     D:5: 1264 daAuts
     D:3: 1137 daAuts
     D:4: 1123 daAuts
     D:1: 804 daAuts
   Sewer: 207 daAuts
  Temple: 50 daAuts
